 Dungeon Crawl Stone Soup version 0.30-a0-702-gdf48620a09 (webtiles) character file.

Game seed: 6854342435023555535

57 Bnni the Vexing (level 4, -10/33 HPs)
             Began as a Formicid Hexslinger on Jan 21, 2023.
             Was a Follower of Okawaru.
             Killed by an exploding orc (30 damage)
             ... ignited by their inner flame
             ... on level 3 of the Dungeon.
             The game lasted 00:02:02 (1569 turns).

Bnni the Vexing (Formicid Hexslinger)               Turns: 1569, Time: 00:02:02

Health: -10/33     AC:  2    Str: 14    XL:     4   Next: 18%
Magic:  3/6        EV: 12    Int: 15    God:    Okawaru [*.....]
Gold:   67         SH:  0    Dex: 14    Spells: 2/6 levels left

rFire   . . .      SeeInvis +    a - +1 sling
rCold   . . .      Faith    .    (no shield)
rNeg    . . .      Spirit   .    c - +0 robe
rPois   .          Reflect  .    (helmet unavailable)
rElec   .          Harm     .    (no cloak)
rCorr   .          Rampage  .    (no gloves)
Will    .....                    (no boots)
Stlth   +                        (no amulet)
HPRegen 0.25/turn                (no ring)
MPRegen 0.10/turn                (no ring)

@: no status effects
A: permanent stasis, dig shafts and tunnels, antennae 3, four strong arms
a: Dig, Shaft Self, Renounce Religion, Heroism


You were on level 3 of the Dungeon.
You worshipped Okawaru.
Okawaru was aware of your devotion.
You visited 1 branch of the dungeon, and saw 3 of its levels.

You collected 67 gold pieces.

Inventory:

Hand Weapons
 a - a +1 sling (weapon)
Missiles
 h - 3 poisoned darts
Armour
 c - a +0 robe (worn)
Wands
 p - a wand of polymorph (10)
Scrolls
 b - 2 scrolls of poison
 d - a scroll of enchant weapon {unknown}
 e - 4 scrolls of identify {unknown}
 f - a scroll of silence {unknown}
 g - 3 scrolls of fear {unknown}
 j - a scroll of noise {unknown}
 k - 5 scrolls of teleportation {unknown}
 n - a scroll of magic mapping {unknown}
 q - a scroll of immolation {unknown}
Potions
 i - a potion of brilliance {unknown}
 l - a potion of mutation {unknown}
 m - a potion of curing {unknown}
 o - a potion of haste {unknown}


   Skills:
 + Level 1.8 Fighting
 * Level 2.6 Ranged Weapons
 - Level 1.7 Dodging
 + Level 1.6 Spellcasting
 * Level 4.1 Hexes
 * Level 1.4 Fire Magic
 + Level 0.4 Invocations


You had 2 spell levels left.
You knew the following spells:

 Your Spells              Type           Power      Damage    Failure   Level
a - Slow                  Hex            52%        N/A       4%          1
b - Inner Flame           Hex/Fire       9%         N/A       22%         3

Your spell library contained the following spells:

 Spells                   Type           Power      Damage    Failure   Level
 Portal Projectile        Hex/Tloc       14%        N/A       30%         3
 Cause Fear               Hex            6%         N/A       38%         4


Dungeon Overview and Level Annotations

Branches:
Dungeon (3/15)

Altars:
Okawaru
Xom


Innate Abilities, Weirdness & Mutations

You cannot be hasted, slowed, berserked, paralysed or teleported.
You can dig through walls and to a lower floor.
You have a pair of large antennae on your head. (SInv)
Your four strong arms can wield two-handed weapons with a shield.


Message History

You kill the orc!
Okawaru accepts your kill.
The orc priest mumbles some strange prayers to Beogh against you.
Beogh smites you!
The orc wizard gestures at you while chanting.
The puff of flame misses you.
There are monsters nearby!
You shoot a sling bullet.
The sling bullet closely misses the orc.
The sling bullet hits the orc wizard.
The orc wizard is lightly wounded.
Casting: Slow (safe; 4% risk of failure)
Confirm with . or Enter, or press ? or * to list all spells.
The spell is quite dangerous to miscast (22% risk of failure)!
Continue anyway? [Y]es or [N]o only, please.
The spell is quite dangerous to miscast (22% risk of failure)!
Continue anyway?
Aiming: Inner Flame (quite dangerous; 22% risk of failure)
Press: ? - help, Dir - move target, f/p - orc
Aim: an orc, wielding a +2 dagger of venom and wearing a +0 leather armour (chance to affect: 74%)
The orc is filled with an inner flame.
Fire: a) +1 sling
Press: ? - help, Shift-Dir - straight line, f/p - orc
Aim: an orc, wielding a +2 dagger of venom and wearing a +0 leather armour (inner flame, 57% to hit)
You shoot a sling bullet. The sling bullet barely misses the orc.
The orc priest miscasts a cantrip.
The orc wizard gestures wildly while chanting.
The orc wizard flickers and vanishes for a moment.
Fire: a) +1 sling
Press: ? - help, Shift-Dir - straight line, f/p - orc
Aim: an orc, wielding a +2 dagger of venom and wearing a +0 leather armour (inner flame, 57% to hit)
You shoot a sling bullet. The sling bullet hits the orc.
Flame seeps out of the orc.
The orc is heavily wounded.
The orc priest looks satisfied for a moment.
The orc is engulfed in blazing flames.
Okawaru accepts your kill.
The orc explodes!
The fiery explosion engulfs you!!
Ouch! That really hurt!
You die...

.. . #. o #o
### ##§# ...
#.§○#### ...
#§@..## .. .
####..## .###.#
##..##.....#
##.....#
##..### #..#
#..##
#####...##
#####.....#..##


You could see an orc priest and an orc wizard (invisible).

Vanquished Creatures
  A worm (D:2)
  A dart slug (D:1)
  2 orcs (D:3)
  5 ball pythons
  8 endoplasms
  A giant cockroach (D:1)
  6 goblins
  4 hobgoblins
  4 jackals (D:1)
  3 kobolds
  2 quokkas
  2 bats (D:1)
  A frilled lizard (D:2)
  5 rats
45 creatures vanquished.

Notes
Turn   | Place    | Note
-------+----------+-------------------------------------------
     0 | D:1      | Bnni the Formicid Hexslinger began the quest for the Orb.
     0 | D:1      | Reached XP level 1. HP: 15/15 MP: 2/2
    86 | D:1      | Reached XP level 2. HP: 21/21 MP: 3/3
   230 | D:1      | Found a faded altar of an unknown god.
   234 | D:1      | Prayed at the altar of an unknown god.
   234 | D:1      | Became a worshipper of Warmaster Okawaru
   234 | D:1      | Reached * piety under Okawaru
   264 | D:1      | Reached skill level 4 in Hexes
   264 | D:1      | Reached skill level 1 in Fire Magic
   264 | D:1      | Reached XP level 3. HP: 26/26 MP: 4/4
   269 | D:1      | Learned a level 3 spell: Inner Flame
  1063 | D:2      | Reached XP level 4. HP: 33/33 MP: 6/6
  1461 | D:3      | Found a shimmering altar of Xom.
  1569 | D:3      | Killed by an exploding orc... ignited by their inner flame

Illustrated notes

Levels and vault maps discovered:
D:1:      mrwooster_arrival_statue_3, layout_rooms,
          hellmonk_ecumenical_altar_heavens_door, chequers_avenue
D:2:      layout_basic
D:3:      layout_rooms, mainiacjoe_overflow_24_doors

Skill      XL: |  1  2 |
---------------+-------+-----
Hexes          | 4 |  4.1
Fire Magic     | 1 |  1.4
Fighting       | |  1.8
Ranged Weapons | |  2.6
Dodging        | |  1.7
Spellcasting   | |  1.6
Invocations    | |  0.4

Action                   |  1- 3 |  4- 6 || total
-------------------------+-------+-------++-------
 Fire: Sling             |   124 |    19 ||   143
 Cast: Slow              |     4 |       ||     4
       Inner Flame       |       |     1 ||     1
Armor: Robe              |    17 |     1 ||    18
Dodge: Dodged            |    52 |     4 ||    56

Table legend: (Time is in decaauts)
 A = Elapsed time spent in this place.
 B = Non-inter-level travel time spent in this place.
 C = Inter-level travel time spent in this place.
 D = Time resting spent in this place.
 E = Time spent auto-exploring this place.
 F = Levels seen in this place.
 G = Mean time per level.
                   A        B        C        D        E       F      G
               +--------+--------+--------+--------+--------+-----+--------+
         Total |   1608 |   1544 |     64 |      0 |   1229 |   3 |  536.0 |
       Dungeon |   1608 |   1544 |     64 |      0 |   1229 |   3 |  536.0 |
               +--------+--------+--------+--------+--------+-----+--------+

Top non-repeatable levels by time:
     D:2: 798 daAuts
     D:1: 686 daAuts
     D:3: 124 daAuts
